[Event "*** SCC Grand Prix: Titled Tuesday Blitz"]
[Site "Chess.com"]
[Date "2020.07.14"]
[Round "5"]
[White "freshfoodcompany"]
[Black "r31415"]
[Result "1/2-1/2"]
[WhiteElo "2250"]
[BlackElo "2430"]
[TimeControl "180+1"]
[EndTime "10:57:16 PDT"]
[Termination "Game drawn - insufficient material"]

1. d4 Nf6 2. c4 e6 3. Nc3 Bb4 4.
e3 O-O 5. Bd3 d5 6. Nf3 b6 7.
O-O Bb7 8. a3 Bd6 9. Qc2 a6 10. e4 dxe4 11. Nxe4 Nxe4 12. Bxe4 Bxe4 13. Qxe4 Nd7 14. Bg5 Nf6 15. Qh4 Be7 16. Ne5 Qe8 17. Bxf6 Bxf6 18. Qe4 Rd8 19. Rfd1 Qa4 20. Nc6 Rd6 21.
Ne5 Rfd8 22. Nf3 Qxc4 23. Rdc1 Qd5 24. Qxd5 Rxd5 25. Rxc7 Bxd4 26. Nxd4 Rxd4 27. g3 R4d7 28. Rxd7 Rxd7 29. Rc1 Kf8 30. Rc6 Rb7 31. Kf1 Ke7 32. Ke2 Kd7 33. Rc1 Rc7 34. Rd1+ Ke7 35. Rd2 e5 36.
Ke3 f6 37. Ke4 Rd7 38. Rc2 Rd4+ 39. Ke3 Kd7 40. f4 Rd5 41. Ke4 Rb5 42. fxe5 Rxe5+ 43.
Kd3 Rc5 44. Re2 Rd5+ 45. Kc4 Rc5+ 46. Kd3 Re5 47. Rc2 h5 48. Kd4 Rg5 49. Ke4 h4 50. gxh4 Rg4+ 51. Kf5 Rxh4 52. Rd2+ Ke7 53. Re2+ Kf7 54.
Rc2 Rh5+ 55. Ke4 Rc5 56. Rxc5 bxc5 57. Kd5 f5 58. Kxc5 Kf6 59. Kd4 Kg5 60. Ke3 Kg4 61. Kf2 Kf4 62. b4 Ke4 63. a4 Kd4 64. b5 axb5 65.
axb5 Kc5 66. Kf3 Kxb5 67. Kf4 g6 68. h4 Kc5 69. h5 gxh5 70. Kxf5 Kd5 71. Kg5 h4 72.
Kxh4 1/2-1/2

[Event "*** SCC Grand Prix: Titled Tuesday Blitz"]
[Site "Chess.com"]
[Date "2020.07.14"]
[Round "5"]
[White "PattyCastillo"]
[Black "chesslh19"]
[Result "0-1"]
[WhiteElo "1934"]
[BlackElo "2142"]
[TimeControl "180+1"]
[EndTime "10:57:16 PDT"]
[Termination "chesslh19 won on time"]

1. d4 Nf6 2. Nf3 d5 3. e3 e6 4.
Bd3 c5 5. b3 Nc6 6. Bb2 cxd4 7.
exd4 Be7 8. O-O O-O 9. Nbd2 b6 10. a3 Bb7 11. Re1 Re8 12. Ne5 Bf8 13. Qf3 Rc8 14.
Rac1 g6 15. g4 Bg7 16. g5 Nxe5 17. dxe5 Ne4 18. Bxe4 Qxg5+ 19. Qg2 Qxd2 20. Bd3 Bc6 21. Rcd1 Qf4 22. Bc1 Qh4 23. Bg5 Qh5 24. Be2 d4 25. Qg3 Bxe5 26. Qxe5 Qh3 27. Qg3 Qxg3+ 28. hxg3 Be4 29.
Bd3 Bxd3 30. cxd3 e5 31. Bf6 Rc6 32. Bxe5 Rce6 33. f4 f6 34. Bxd4 Rxe1+ 35. Rxe1 Rxe1+ 36. Kf2 Rd1 37. Bxf6 Rxd3 38. b4 Rxa3 39. Be7 Kf7 40. Bd8 Rb3 41. Bc7 Rxb4 42. Ke3 Ke6 43. g4 Rb3+ 44.
Ke4 Rb4+ 45. Kd3 Kd5 46. Bb8 Rb3+ 47. Kc2 Ra3 48. Kb2 Ra4 49. g5 b5 50. Kb3 a6 51. Bc7 Re4 52. Kc3 Re7 0-1

[Event "*** SCC Grand Prix: Titled Tuesday Blitz"]
[Site "Chess.com"]
[Date "2020.07.14"]
[Round "5"]
[White "Alohamora11"]
[Black "temus_galaktionov"]
[Result "0-1"]
[WhiteElo "2421"]
[BlackElo "2672"]
[TimeControl "180+1"]
[EndTime "10:57:17 PDT"]
[Termination "temus_galaktionov won by resignation"]

1. e4 c6 2. d4 g6 3. Nc3 d6 4.
f4 Bg7 5. Nf3 Nd7 6. e5 f6 7.
Bc4 dxe5 8. dxe5 fxe5 9. Ng5 Qb6 10. Bf7+ Kf8 11. fxe5 Nxe5 12. Rf1 Nf6 13. Be6 h6 14. Bxc8 hxg5 15. Bh3 g4 16. Bxg4 Rxh2 17. Qe2 Qd4 18. Bf3 Rd8 19. Be3 Nxf3+ 20. Qxf3 Qb4 21. Rd1 Rxd1+ 22.
Qxd1 Rxg2 23. Qd8+ Kf7 24. Qd4 Qxd4 25. Bxd4 Rxc2 26.
Nd1 Ke6 27. Bxa7 Ne4 28. Rg1 Kf5 29. Ne3+ Kf4 30. Nxc2 Bxb2 31. Rxg6 Bc3+ 32. Ke2 Kf5 33. Rg8 Bf6 34. Ne3+ Ke6 35. Rb8 b5 36. Rb6 Kd7 37. Bb8 Nc3+ 38. Kd3 Nxa2 39. Bg3 Nb4+ 40. Ke2 Bd4 41. Rb7+ Ke6 42. Rb8 Bc5 43. Be1 Nd5 44. Nxd5 Kxd5 45. Bf2 Bd6 46. Rb7 Kc4 47. Kd2 c5 48.
Kc2 b4 49. Be1 e5 50. Bf2 e4 51. Rb6 Be5 52. Rc6 Bd4 53. Kb1 Bxf2 54. Re6 e3 55.
Kc2 b3+ 56. Kd1 Kd3 57. Rb6 c4 58. Rb5 e2+ 0-1

[Event "*** SCC Grand Prix: Titled Tuesday Blitz"]
[Site "Chess.com"]
[Date "2020.07.14"]
[Round "5"]
[White "OhanyanEminChess"]
[Black "MarceloPlaya"]
[Result "1/2-1/2"]
[WhiteElo "2492"]
[BlackElo "2330"]
[TimeControl "180+1"]
[EndTime "10:57:17 PDT"]
[Termination "Game drawn by repetition"]

1. e4 e6 2. d4 d5 3. Nc3 Bb4 4. e5 c5 5. a3 Bxc3+ 6. bxc3 Ne7 7. Qg4 Qc7 8. Qxg7 Rg8 9. Qxh7 cxd4 10. Ne2 Nbc6 11. f4 dxc3 12. Qd3 Bd7 13. Nxc3 a6 14. Ne2 Rc8 15. Rg1 Na5 16. Nd4 Nec6 17. Bd2 Nc4 18. Bc3 N6xe5 19. fxe5 Nxe5 20. Qe3 Qxc3+ 21. Qxc3 Rxc3 22.
Kd2 Rc8 23. Be2 Nc4+ 24. Bxc4 Rxc4 25. Nf3 f6 26. c3 Kf7 27. Raf1 Ke7 28. Nd4 e5 29.
Nf5+ Bxf5 30. Rxf5 Ke6 31. Rf3 e4 32. Rh3 Rgc8 33.
g4 d4 34. cxd4 Rxd4+ 35. Ke1 Rc2 36. Rb3 Rdd2 37. h4 Re2+ 38. Kf1 e3 39. Rb1 Rf2+ 40. Ke1 Rce2+ 41. Kd1 Ke5 42. g5 Ke4 43. g6 Rd2+ 44. Ke1 Kf3 45. g7 Rde2+ 46. Kd1 Rd2+ 47. Ke1 Rfe2+ 48.
Kf1 Rg2 49. g8=Q Rgf2+ 50. Ke1 Rfe2+ 51. Kf1 Rf2+ 52. Ke1 Rfe2+ 53. Kf1 Rf2+ 1/2-1/2

[Event "*** SCC Grand Prix: Titled Tuesday Blitz"]
[Site "Chess.com"]
[Date "2020.07.14"]
[Round "5"]
[White "K-Nygren"]
[Black "ValentinDragnev"]
[Result "0-1"]
[WhiteElo "2478"]
[BlackElo "2709"]
[TimeControl "180+1"]
[EndTime "10:57:18 PDT"]
[Termination "ValentinDragnev won by checkmate"]

1. e4 c5 2. Nf3 e6 3. d4 cxd4 4.
Nxd4 a6 5. Nc3 Qc7 6. Be2 Nc6 7. Be3 Nf6 8. O-O Be7 9. Na4 Nxe4 10. Nxc6 bxc6 11. Nb6 Rb8 12. Nxc8 Qxc8 13. Qd4 Nf6 14. c4 O-O 15. Rfd1 c5 16. Qc3 Qc7 17. b3 Rfd8 18.
Rac1 h6 19. g3 d6 20. Bd3 a5 21. Bb1 a4 22. Bc2 axb3 23. axb3 Qb7 24. Bf4 Ra8 25. Re1 Ra2 26. Qd3 Bf8 27. Bd2 g6 28. Bc3 Bg7 29. h4 h5 30. Bxf6 Bxf6 31. Qe3 Kg7 32. Qf4 Qc7 33. Be4 Rb2 34. Qf3 Rb8 35. Re3 Bd4 36. Rd3 Rxf2 37. Qxf2 Bxf2+ 38. Kxf2 Qe7 39. Rf3 Rb6 40. Rf1 f5 41. Bc2 Qf6 42. Kg2 Qb2 43. R1f2 Qe5 44. Bd1 d5 45. Re2 Qd4 46.
cxd5 Qxd1 47. Rff2 Qxd5+ 48. Kg1 Rxb3 49. g4 Rb1+ 50. Kh2 Qh1+ 51. Kg3 Rg1+ 52. Kf4 Rxg4+ 53. Ke5 Qd5# 0-1

[Event "*** SCC Grand Prix: Titled Tuesday Blitz"]
[Site "Chess.com"]
[Date "2020.07.14"]
[Round "5"]
[White "talaicito"]
[Black "ARTHURMOTIVATOR"]
[Result "1-0"]
[WhiteElo "2185"]
[BlackElo "2326"]
[TimeControl "180+1"]
[EndTime "10:57:18 PDT"]
[Termination "talaicito won by checkmate"]

1. d4 Nf6 2. Nc3 d5 3. Bf4 g6 4. e3 Bg7 5. h4 h6 6. Nf3 c6 7.
Ne5 Bf5 8. g4 Be6 9. Bd3 Nfd7 10. Nxg6 fxg6 11. Bxg6+ Bf7 12. Qd3 Nf6 13. O-O-O Nbd7 14.
g5 Ng8 15. Qf5 Bxg6 16. Qxg6+ Kf8 17. gxh6 Bxh6 18. Rdg1 Ndf6 19. Ne2 e6 20. Bxh6+ Rxh6 21. Qg7+ Ke8 22. Qxb7 Rb8 23. Qxc6+ Qd7 24. Qxd7+ Kxd7 25. Rg7+ Ne7 26. Nf4 Rg8 27. Rhg1 Rxg7 28. Rxg7 Rxh4 29.
Rxe7+ Kxe7 30. Ng6+ Kd6 31. Nxh4 Ng4 32. Nf3 Nxf2 33.
Ne5 Ne4 34. c4 dxc4 35. Nxc4+ Kd5 36. Nd2 Nd6 37. Kc2 Nb5 38. Kd3 Nc7 39. e4+ Kc6 40. a4 Ne8 41. b4 Nf6 42. Kc4 Ng4 43.
b5+ Kb6 44. Kb4 Ne3 45. a5+ Kc7 46. Nc4 Nc2+ 47. Kc5 Kd7 48. Ne5+ Kc7 49. Nc4 Ne3 50. Nxe3 Kd7 51. d5 e5 52. Nc4 Ke7 53. Nxe5 Kd8 54. Nc4 Kc7 55. e5 Kd8 56. b6 Ke7 57. bxa7 Kd7 58. a8=Q Kc7 59. Qa7+ Kd8 60. d6 Ke8 61. Qe7# 1-0

[Event "*** SCC Grand Prix: Titled Tuesday Blitz"]
[Site "Chess.com"]
[Date "2020.07.14"]
[Round "5"]
[White "Margarita2907"]
[Black "Godzillator"]
[Result "0-1"]
[WhiteElo "2092"]
[BlackElo "2313"]
[TimeControl "180+1"]
[EndTime "10:57:18 PDT"]
[Termination "Godzillator won by resignation"]

1. e4 c6 2. d4 d5 3. e5 Bf5 4. Nd2 e6 5. Nb3 Nd7 6. Be2 Ne7 7. Nf3 Bg6 8. O-O Qc7 9. a4 a6 10.
a5 Nf5 11. c4 Be7 12. Bf4 O-O 13. h3 Rfc8 14. Rc1 Qd8 15. Bd3 Nf8 16. Qe2 Nh4 17.
Nxh4 Bxd3 18. Qxd3 Bxh4 19. Be3 dxc4 20. Qxc4 Qd5 21.
Qxd5 exd5 22. Nc5 Rc7 23. f4 Be7 24. f5 Bxc5 25. Rxc5 Re8 26. Bf4 Rd7 27. Re1 g6 28. g4 h5 29. Kf2 Kh7 30. Kg3 Rde7 31. Bg5 Rd7 32. Rc2 Rc7 33. b4 Nd7 34. Rce2 Nf8 35. e6 fxe6 36. fxe6 Kg8 37. e7 Nh7 38. Bf4 Rd7 39.
gxh5 gxh5 40. Kh4 Nf6 41. Bg5 Ne4 42. Rg2 Kh7 43. Kxh5 Nxg5 44. Rxg5 Rdxe7 45. Rge5 Rxe5+ 46. Rxe5 Rxe5+ 47. dxe5 Kg7 48. Kg4 Kf7 49. h4 Ke6 50. Kf4 d4 51. h5 d3 52. h6 d2 53. h7 d1=Q 54. h8=Q Qd4+ 55. Kf3 Qd5+ 56. Kf2 Qxe5 57. Qe8+ Kd5 58. Qd7+ Kc4 59. Qf7+ Kxb4 60. Qxb7+ Kxa5 61. Qxc6 Qb2+ 62. Ke3 Qb3+ 63. Ke2 Qb5+ 64. Qxb5+ axb5 65. Kd2 Kb4 66. Kc2 Ka3 67. Kc1 Ka2 68. Kc2 b4 0-1

[Event "*** SCC Grand Prix: Titled Tuesday Blitz"]
[Site "Chess.com"]
[Date "2020.07.14"]
[Round "5"]
[White "KyrgyzFighter"]
[Black "AurumO"]
[Result "0-1"]
[WhiteElo "2273"]
[BlackElo "1993"]
[TimeControl "180+1"]
[EndTime "10:57:18 PDT"]
[Termination "AurumO won by checkmate"]

1. c4 e6 2. Nc3 d5 3. d4 Nf6 4. cxd5 exd5 5. Bg5 c6 6. e3 Be7 7. Bd3 O-O 8. Qc2 h6 9. Bh4 Re8 10. Nge2 Nbd7 11. O-O Ne4 12. Bxe7 Qxe7 13. Bxe4 dxe4 14. d5 cxd5 15. Nxd5 Qc5 16. Qxc5 Nxc5 17. Nc7 Bg4 18. Nxa8 Bxe2 19. Rfe1 Rxa8 20. Rxe2 Rd8 21. f3 f5 22.
Rc1 b6 23. a3 a5 24. b4 axb4 25. axb4 Nd3 26. Rc6 b5 27. fxe4 fxe4 28. Rb6 Rd5 29. Re6 Nxb4 30. Rxe4 Rd1+ 31. Kf2 Nd3+ 32. Kg3 b4 33. Rd4 b3 34. Rd8+ Kh7 35. e4 b2 36.
Rb8 b1=Q 37. Rxb1 Rxb1 38. e5 Rb7 39. Kf3 Re7 40. e6 Nc5 41. Re5 Nxe6 42. Ke3 Kg6 43. Kd3 Nf4+ 44. Ke4 Rxe5+ 45. Kxe5 Nxg2 46. Ke4 Nh4 47. Kf4 Kh5 48. Kg3 g5 49. h3 Nf5+ 50. Kh2 Kh4 51.
Kg2 Nd4 52. Kh2 h5 53. Kg2 g4 54. hxg4 hxg4 55. Kh2 Nf5 56. Kg2 g3 57. Kg1 Kh3 58.
Kh1 Nd4 59. Kg1 Kg4 60. Kg2 Ne2 61. Kf1 Kf3 62. Ke1 g2 63. Kd2 g1=Q 64. Kd3 Qd4+ 65.
Kc2 Qc3+ 66. Kb1 Nd4 67. Ka2 Qb4 68. Ka1 Ke3 69. Ka2 Kd3 70. Ka1 Kc2 71. Ka2 Qb2# 0-1

[Event "*** SCC Grand Prix: Titled Tuesday Blitz"]
[Site "Chess.com"]
[Date "2020.07.14"]
[Round "5"]
[White "ChessicallyInclined"]
[Black "tdf98pantani"]
[Result "1/2-1/2"]
[WhiteElo "2501"]
[BlackElo "2674"]
[TimeControl "180+1"]
[EndTime "10:57:19 PDT"]
[Termination "Game drawn by stalemate"]

1. d4 d5 2. c4 e6 3. Nc3 Nf6 4. cxd5 exd5 5. Bg5 Be7 6. Qc2 c6 7. e3 Nbd7 8. Bd3 Nf8 9. Nge2 Ne6 10. Bh4 g6 11.
O-O O-O 12. f3 b5 13. Bf2 Bb7 14. Kh1 Rc8 15. Rad1 Qa5 16. e4 b4 17. Na4 c5 18. e5 Nd7 19. Nxc5 Ndxc5 20. dxc5 Bxc5 21. Bxc5 Nxc5 22. b3 Nxd3 23. Qxd3 Qxa2 24. Ra1 Qc2 25. Qxc2 Rxc2 26. Rxa7 Rb8 27. Nd4 Rd2 28. Nb5 Bc8 29. Nd6 Be6 30. Raa1 d4 31. Ne4 Rb2 32. Rfd1 Rd8 33. Nd6 Bxb3 34. Rxd4 Be6 35. Rdd1 b3 36. Kg1 Rb8 37. Ne4 Rc2 38. Rab1 Ra8 39. Rd2 Raa2 40.
Rxc2 bxc2 41. Rc1 Rb2 42. Kf2 Bb3 43. Nc3 Ba2 44. Nxa2 Rxa2 45. Ke3 Kg7 46. Kd3 Ra5 47.
Rxc2 Rxe5 48. Re2 Rxe2 49. Kxe2 Kf6 50. Ke3 Ke5 51. f4+ Kd5 52. Kf3 Kd4 53. g3 f5 54.
Kf2 h6 55. Kf3 Kd3 56. Kf2 Ke4 57. Ke2 g5 58. fxg5 hxg5 59. h4 gxh4 60. gxh4 Kf4 61. h5 Kg5 62. Kf3 Kxh5 63. Kf4 Kg6 64. Kf3 Kg5 65.
Kg3 f4+ 66. Kf3 Kf5 67. Kf2 Kg4 68. Kg2 f3+ 69. Kf2 Kf4 70. Kf1 Kg3 71. Kg1 f2+ 72. Kf1 Kf3 1/2-1/2

[Event "*** SCC Grand Prix: Titled Tuesday Blitz"]
[Site "Chess.com"]
[Date "2020.07.14"]
[Round "5"]
[White "ljuks68"]
[Black "Anton_Demchenko"]
[Result "0-1"]
[WhiteElo "2443"]
[BlackElo "2816"]
[TimeControl "180+1"]
[EndTime "10:57:19 PDT"]
[Termination "Anton_Demchenko won on time"]

1. e4 c5 2. Nf3 Nc6 3. d4 cxd4 4. Nxd4 Nf6 5. Nc3 d6 6. Bc4 e6 7. Be3 a6 8. Qe2 Bd7 9. Bb3 b5 10. f3 h5 11. Nxc6 Bxc6 12. O-O Qc7 13. a4 b4 14. Na2 d5 15. Bg5 dxe4 16. Bxf6 gxf6 17. fxe4 Qe5 18. c3 Bc5+ 19. Rf2 bxc3 20. Nxc3 Rg8 21. Rf1 Ke7 22. Kh1 Bxf2 23. Qxf2 Bd7 24. Rd1 Rgd8 25. Bc4 Be8 26. Re1 Qd4 27. Qe2 Kf8 28. Rd1 Qc5 29. Rf1 Qg5 30. Qf3 a5 31. h3 Rac8 32. b3 Rc5 33. Qxf6 Qxf6 34. Rxf6 Ke7 35. Rf3 Bc6 36.
Re3 Re5 37. Kh2 f5 38. Kg3 fxe4 39. Kh4 Rf8 40. Ne2 Rf2 41. Nd4 Bd7 42. g4 hxg4 43. hxg4 Rh2+ 44. Kg3 Rd2 45. Kf4 Rc5 46. Rxe4 Kd6 47.
Nxe6 Rxc4 48. bxc4 Bxe6 49. c5+ Ke7 50. c6 Rc2 51.
Re5 Rc4+ 52. Ke3 Rxa4 53. Rc5 Kd8 54. g5 Kc7 55. g6 Ra3+ 0-1

[Event "*** SCC Grand Prix: Titled Tuesday Blitz"]
[Site "Chess.com"]
[Date "2020.07.14"]
[Round "5"]
[White "timator"]
[Black "jens1102"]
[Result "1-0"]
[WhiteElo "2601"]
[BlackElo "2424"]
[TimeControl "180+1"]
[EndTime "10:57:21 PDT"]
[Termination "timator won by checkmate"]

1. Nf3 Nf6 2. d4 e6 3. g3 d5 4. Bg2 Bb4+ 5. c3 Be7 6. O-O O-O 7. Nbd2 c5 8. b3 Nc6 9. Bb2 cxd4 10. cxd4 b6 11. Rc1 Bb7 12. Re1 Rc8 13. a3 a5 14.
e3 Bd6 15. Bf1 Qe7 16. Ra1 Nb8 17. Ne5 Ba6 18. f4 Bxf1 19. Rxf1 Rc7 20. a4 Rfc8 21.
Rc1 Bb4 22. Ndf3 Ne4 23. Rxc7 Rxc7 24. Nd3 Na6 25. Qe2 Nc3 26. Bxc3 Bxc3 27. f5 exf5 28.
Nf4 Nb4 29. Kg2 Bb2 30. Rf2 Bc1 31. Qb5 Bxe3 32. Re2 g6 33. Nxd5 Nxd5 34. Qxd5 Rc3 35.
Ne5 f4 36. Nc4 Qf6 37. h3 Kg7 38. Qf3 Qxd4 39. g4 Rd3 40. Qf1 Qd5+ 41. Qf3 Rd1 42. Qxd5 Rxd5 43. Nxe3 fxe3 44. Rxe3 Rc5 45. Kf3 Rc1 46. Ke4 Rb1 47. Kd5 Kf6 48. Kc6 Rc1+ 49. Kxb6 h5 50. gxh5 gxh5 51. Rf3+ Kg6 52. Kxa5 f5 53.
b4 Re1 54. b5 Re5 55. Ka6 Kg5 56. b6 Re6 57. Ka7 Re1 58. a5 Ra1 59. a6 f4 60.
b7 Rb1 61. b8=Q Rxb8 62. Kxb8 Kf5 63. a7 Kg5 64. a8=Q Kh4 65. Rxf4+ Kxh3 66. Qf3+ Kh2 67. Rh4+ Kg1 68. Rh1# 1-0

[Event "*** SCC Grand Prix: Titled Tuesday Blitz"]
[Site "Chess.com"]
[Date "2020.07.14"]
[Round "5"]
[White "SGchess01"]
[Black "Biranidun"]
[Result "0-1"]
[WhiteElo "2633"]
[BlackElo "2877"]
[TimeControl "180+1"]
[EndTime "10:57:22 PDT"]
[Termination "Biranidun won by resignation"]

1. e4 c5 2. Nf3 d6 3. Nc3 Nf6 4. d4 cxd4 5. Nxd4 a6 6. Be2 e5 7. Nf3 Be7 8. Bg5 Nbd7 9. a4 h6 10.
Be3 Ng4 11. Bc1 Ngf6 12. O-O Nc5 13. Nd2 O-O 14. a5 Be6 15. b3 d5 16. exd5 Nxd5 17.
Nxd5 Qxd5 18. Nc4 Rad8 19. Qxd5 Rxd5 20. Be3 f5 21. Rad1 Rfd8 22. Rxd5 Rxd5 23. f3 Nd7 24. g3 Kf7 25. Kf2 Kf6 26. f4 e4 27. Bc1 Bc5+ 28.
Ne3 Bxe3+ 29. Kxe3 Rxa5 30. Bb2+ Kf7 31. Ra1 Rxa1 32.
Bxa1 g6 33. h3 h5 34. Kd4 Ke7 35. Bb2 Kd6 36. Ba3+ Kc6 37. Be7 b5 38. b4 Bf7 39.
c3 Nb6 40. Bc5 Na4 41. Be7 Kd7 42. Bf8 Nb2 43. g4 hxg4 44. hxg4 Bc4 45. gxf5 gxf5 46. Bh5 Ke6 47. Be8 Nd3 48. Bh6 Bd5 49. Bh5 Bc6 50. Be2 Nc1 51. Bd1 Nd3 52. Be2 Nf2 53. Kc5 Kd7 54.
Bg7 Nd3+ 55. Kb6 Nxf4 56. Bf1 e3 57. Bh6 e2 58. Bxe2 Nxe2 59. Kxa6 Nxc3 60. Kb6 Kd6 61. Bf8+ Kd5 62. Bg7 Na2 63. Bh6 Nxb4 0-1

[Event "*** SCC Grand Prix: Titled Tuesday Blitz"]
[Site "Chess.com"]
[Date "2020.07.14"]
[Round "5"]
[White "Niclox"]
[Black "stolencandy13"]
[Result "1-0"]
[WhiteElo "2728"]
[BlackElo "2436"]
[TimeControl "180+1"]
[EndTime "10:57:22 PDT"]
[Termination "Niclox won by checkmate"]

1. e4 c6 2. d4 d5 3. exd5 cxd5 4. c4 Nf6 5. Nc3 e6 6. Nf3 Bb4 7. c5 Ne4 8. Bd2 Nxd2 9. Qxd2 Qa5 10. Bd3 b6 11.
cxb6 Qxb6 12. O-O Ba6 13. Rfe1 Bxd3 14. Qxd3 O-O 15. Ng5 g6 16. Qh3 h5 17. Nxe6 Bxc3 18. bxc3 Re8 19. Nf4 Nc6 20. Nxd5 Rxe1+ 21. Rxe1 Qb2 22.
Qf3 Qd2 23. Rd1 Qxa2 24. Nf6+ Kg7 25. Qxc6 Rb8 26. g3 Qe2 27. Rf1 Rb6 28. Qc7 Rxf6 29. Qxa7 h4 30. Qb7 h3 31. Qd5 Rf3 32. c4 Rc3 33. c5 Rd3 34. Qe5+ Qxe5 35. dxe5 Rd5 36. Rc1 Rxe5 37. c6 Re8 38. c7 Rc8 39. f3 Kf6 40. g4 g5 41. Kf2 Ke6 42. Kg3 Kd7 43.
Kxh3 Rh8+ 44. Kg3 Kc8 45. h3 f6 46. Rc6 Rf8 47. h4 gxh4+ 48. Kxh4 Rh8+ 49. Kg3 Rf8 50. Kf4 Rf7 51. Kf5 Re7 52. f4 Rf7 53. Kg6 Rf8 54.
Kg7 Re8 55. Kxf6 Re4 56. Kf5 Re1 57. g5 Rg1 58. g6 Rg2 59. Kf6 Rg4 60. f5 Rg3 61.
Kf7 Rg4 62. g7 Rg5 63. g8=Q+ Kb7 64. c8=Q+ Ka7 65. Qb8# 1-0

[Event "*** SCC Grand Prix: Titled Tuesday Blitz"]
[Site "Chess.com"]
[Date "2020.07.14"]
[Round "5"]
[White "rugbyclub"]
[Black "AniJak"]
[Result "0-1"]
[WhiteElo "2113"]
[BlackElo "2325"]
[TimeControl "180+1"]
[EndTime "10:57:22 PDT"]
[Termination "AniJak won by resignation"]

1. c4 e5 2. Nc3 Nc6 3. Nf3 d6 4. d4 exd4 5. Nxd4 Nxd4 6. Qxd4 Qf6 7. Qd3 c6 8. g3 h5 9. h4 Bf5 10. e4 Bg4 11. Bg2 Be7 12. O-O Qe6 13. Bf4 g5 14. Bxg5 Bxg5 15. hxg5 h4 16. gxh4 Rxh4 17. Qg3 Rh5 18. f4 Qd7 19. e5 dxe5 20. Ne4 O-O-O 21.
f5 Bxf5 22. Rad1 Qxd1 23. Rxd1 Rxd1+ 24. Kf2 Ne7 25. Bf3 Bxe4 26. Bxd1 Rh1 27. Qxe5 Rxd1 28. Qxe4 Kd8 29. Ke2 Rd6 30. Qf4 Re6+ 31. Kd2 Kd7 32. Qxf7 Rg6 33. Qf4 Rd6+ 34. Kc2 b6 35. b4 a6 36. a3 b5 37. c5 Rg6 38. Qg4+ Ke8 39. Qf4 Kd7 40. Qg4+ Ke8 41. Qh5 Kf7 42. Qh7+ Ke6 43.
Qh5 Kf5 44. Qh7 Ke6 45. Kd3 Rxg5 46. Qh3+ Rf5 47. Ke4 Kf6 48. Qh6+ Ng6 49. Qh7 Re5+ 50. Kf3 Rf5+ 51. Ke3 Re5+ 52. Kd3 Rd5+ 53. Kc3 Rf5 54. Qc7 Ne5 55. Qd6+ Kg5 56. Qd8+ Kf4 57. Qa8 Ke4 58. Qxa6 Rf3+ 59. Kd2 Nc4+ 60. Ke2 Re3+ 61.
Kf2 Rxa3 62. Kg2 Rxa6 63. Kg3 Ra2 0-1

[Event "*** SCC Grand Prix: Titled Tuesday Blitz"]
[Site "Chess.com"]
[Date "2020.07.14"]
[Round "5"]
[White "doctorcristian"]
[Black "SidArun"]
[Result "1-0"]
[WhiteElo "2402"]
[BlackElo "2247"]
[TimeControl "180+1"]
[EndTime "10:57:23 PDT"]
[Termination "doctorcristian won by resignation"]

1. d4 Nf6 2. Nc3 d5 3. Bf4 c5 4.
e3 cxd4 5. exd4 a6 6. Nf3 Nc6 7. Ne5 Bf5 8. Nxc6 bxc6 9. Bd3 Bxd3 10. cxd3 e6 11. Qa4 Qb6 12. O-O Be7 13. Rac1 O-O 14. Rc2 c5 15. Qa3 cxd4 16. Qxe7 dxc3 17. bxc3 Rfe8 18.
Qa3 e5 19. Be3 Qc6 20. Rfc1 Rac8 21. h3 h6 22. Rb2 Rb8 23. Rcb1 Rxb2 24. Rxb2 Rc8 25.
Rb3 Nd7 26. Qe7 Qe6 27. Qxe6 fxe6 28. Ra3 Nc5 29. d4 Ne4 30. Rxa6 Rxc3 31. Rxe6 exd4 32.
Bxd4 Ra3 33. Re7 Nf6 34. Bxf6 gxf6 35. Re2 d4 36. Rd2 d3 37. f4 Rc3 38. Kf2 Kf7 39. Ke3 Ra3 40. g4 Ke6 41. Ke4 Ra4+ 42. Ke3 Ra3 43.
h4 f5 44. g5 h5 45. Rb2 Ra4 46. Rb6+ Ke7 47. Rb5 Re4+ 48. Kf3 Ke6 49. Rb3 Ra4 50.
Rxd3 Rxa2 51. Re3+ Kf7 52. Rb3 Rh2 53. Rb7+ Kg6 54.
Rb6+ Kf7 55. Rf6+ Kg7 56. Rxf5 Rxh4 57. Kg3 Rh1 58. Rb5 Rg1+ 59. Kf2 Rc1 60. f5 h4 61. Rb7+ Kg8 62. Kf3 h3 63. Kg3 h2 64. Kxh2 Rc5 65.
Rb8+ Kg7 66. f6+ Kg6 67. Rg8+ Kf7 68. Rg7+ Kf8 69. Kh3 1-0

[Event "*** SCC Grand Prix: Titled Tuesday Blitz"]
[Site "Chess.com"]
[Date "2020.07.14"]
[Round "5"]
[White "WelshTiger"]
[Black "vesalhamedinia"]
[Result "1-0"]
[WhiteElo "2378"]
[BlackElo "2216"]
[TimeControl "180+1"]
[EndTime "10:57:27 PDT"]
[Termination "WelshTiger won by checkmate"]

1. e4 c5 2. Nf3 Nc6 3. Bb5 g6 4. Bxc6 dxc6 5. h3 Bg7 6. d3 Nf6 7. Be3 Nd7 8. Nc3 e5 9. Qd2 h6 10. Nh2 b6 11. f4 exf4 12. Bxf4 Nf8 13. Nf3 Ne6 14. Bh2 Nd4 15. O-O Be6 16. e5 O-O 17.
Rae1 Re8 18. b3 Kh7 19. Ne4 Bd5 20. Nxd4 cxd4 21. Nf6+ Bxf6 22. Rxf6 a5 23. h4 h5 24. Qg5 Ra7 25. Bf4 Qe7 26. Qh6+ Kg8 27. Rf1 Qf8 28. Qg5 Qg7 29. Qg3 a4 30. Bg5 c5 31.
Rd6 Be6 32. Bf6 Qh6 33. Bg5 Qg7 34. Rf6 axb3 35. axb3 Ra1+ 36. Kh2 Bg4 37. Rxb6 Be6 38.
Rc6 Re1 39. Rxc5 Bg4 40. Qxe1 Qf8 41. Rc7 Be6 42. Bf4 Qa3 43. Qg3 Qf8 44. Rxg6+ fxg6 45. Qxg6+ Kh8 46. Bh6 Qf4+ 47. Bxf4 Bf5 48. Qg7# 1-0

[Event "*** SCC Grand Prix: Titled Tuesday Blitz"]
[Site "Chess.com"]
[Date "2020.07.14"]
[Round "5"]
[White "TheWolfSpur"]
[Black "KejJaj"]
[Result "1-0"]
[WhiteElo "2298"]
[BlackElo "2030"]
[TimeControl "180+1"]
[EndTime "10:57:27 PDT"]
[Termination "TheWolfSpur won by resignation"]

1. d4 f5 2. Bg5 h6 3. Bh4 c5 4. e3 Qb6 5. Nc3 cxd4 6. exd4 g5 7. Qh5+ Kd8 8. O-O-O gxh4 9. Qf7 Nf6 10. Nf3 Qe6 11.
Ne5 Rg8 12. Bc4 Qb6 13. Ng6 Nc6 14. Nxf8 Na5 15. Bb3 Nxb3+ 16. axb3 a5 17. Nh7 Re8 18. Nxf6 Qxf6 19. Qxf6 exf6 20. Kd2 d6 21. Nd5 Rf8 22. Rhe1 Bd7 23. Re3 Bc6 24. Nf4 Rf7 25.
d5 Bd7 26. Rde1 Kc7 27. Rc3+ Kb6 28. Rce3 Ka6 29. Re7 Raf8 30. Kc3 b5 31. Kd4 Kb6 32. Rxf7 Rxf7 33. g3 hxg3 34. hxg3 b4 35. Rh1 Rh7 36. f3 Be8 37. c3 Bd7 38. cxb4 axb4 39. Kc4 Bb5+ 40.
Kxb4 Ba6 41. Kc3 Bb5 42. Kd4 Ba6 43. b4 Bb5 44. b3 Ba6 45. Rh5 Bc8 46. Rh2 Kb5 47.
Rc2 Bb7 48. Re2 Kxb4 49. Re6 Kxb3 50. Rxd6 Kb4 51. Rb6+ Ka5 52. Rxf6 Kb5 53. Rxf5 Rd7 54. Rf6 Kb4 55. Rxh6 Kb5 56. Re6 Rd8 57. Ke5 Kc5 58. g4 Kc4 59. g5 Rg8 60. g6 Rd8 61. Kf6 Rg8 62. g7 Rf8+ 63. gxf8=Q Bxd5 64. Nxd5 Kxd5 65. Qd6+ Kc4 66. Qc7+ 1-0

[Event "*** SCC Grand Prix: Titled Tuesday Blitz"]
[Site "Chess.com"]
[Date "2020.07.14"]
[Round "5"]
[White "Onischuk_V"]
[Black "Ranindu2003"]
[Result "1-0"]
[WhiteElo "2892"]
[BlackElo "2608"]
[TimeControl "180+1"]
[EndTime "10:57:28 PDT"]
[Termination "Onischuk_V won by resignation"]

1. e4 c5 2. Nc3 a6 3. Nge2 d6 4. g3 Nc6 5. Bg2 g6 6. d4 cxd4 7. Nxd4 Bg7 8. Nb3 Nf6 9. h3 O-O 10. O-O Bd7 11. Re1 Rc8 12. Nd5 Nxd5 13. exd5 Ne5 14. c3 b5 15. Nd4 Nc4 16. Qe2 Re8 17. Bg5 Qc7 18. Rac1 h6 19. Bf4 e5 20. dxe6 Bxe6 21.
Nxe6 Rxe6 22. Qc2 g5 23. Rxe6 fxe6 24. Bd2 Nxd2 25. Qxd2 b4 26. c4 Qc5 27. b3 Rf8 28.
Qe2 Qe5 29. Rc2 Qxe2 30. Rxe2 Be5 31. Be4 Kg7 32. Kg2 Rf7 33. Bf3 a5 34. Bg4 Re7 35. Kf3 Kf6 36. Ke4 Ra7 37. f4 gxf4 38. gxf4 Bc3 39. Kd3 e5 40. fxe5+ Bxe5 41. Ke4 a4 42.
Rf2+ Ke7 43. Bh5 Ke6 44. Bg4+ Ke7 45. Bh5 Ke6 46. Be8 axb3 47. axb3 Ra3 48. Bf7+ Ke7 49. c5 Ra5 50. c6 Rc5 51. Bd5 Rc1 52. Rf7+ Kd8 53.
Rb7 Rf1 54. Be6 Rc1 55. Rd7+ Ke8 56. c7 Bh2 57. Kf5 d5 58. Rd8+ Ke7 59. c8=Q Rf1+ 60. Kg6 Rf6+ 61. Kh7 1-0

[Event "*** SCC Grand Prix: Titled Tuesday Blitz"]
[Site "Chess.com"]
[Date "2020.07.14"]
[Round "5"]
[White "FatUpss"]
[Black "Ermito2020"]
[Result "1-0"]
[WhiteElo "2760"]
[BlackElo "2521"]
[TimeControl "180+1"]
[EndTime "10:57:29 PDT"]
[Termination "FatUpss won on time"]

1. e4 c6 2. d4 d5 3. f3 dxe4 4. fxe4 e5 5. Nf3 exd4 6. Bc4 Be6 7. Bxe6 fxe6 8. Qxd4 Qxd4 9. Nxd4 Kd7 10. Nc3 Nf6 11. Bd2 Bc5 12. Nb3 Bb4 13. O-O-O Ke7 14. e5 Bxc3 15. bxc3 Ne4 16. Be1 Nd7 17. Rd4 Ng5 18.
Bh4 h6 19. Re1 Rhf8 20. Nd2 Rf5 21. Nf3 Ke8 22. Bxg5 hxg5 23. Rg4 Ke7 24. Rxg5 Rxg5 25. Nxg5 Rf8 26. Nf3 Rf4 27. Kb2 Rg4 28. g3 Nb6 29.
Kb3 a5 30. Nd4 a4+ 31. Kb4 Nd5+ 32. Kc4 Nb6+ 33. Kd3 c5 34. Nb5 Nd5 35. Nd6 b6 36. Re4 Rg5 37. a3 Kd7 38. c4 Ne7 39. g4 Nc6 40.
Nf7 Rg6 41. h4 Ke7 42. h5 Kxf7 43. hxg6+ Kxg6 44. Ke3 Kg5 45. c3 g6 46. Kf3 Na5 47.
Kg3 Nc6 48. Re1 Na5 49. Re4 Nc6 50. Rf4 Nxe5 51. Re4 Kf6 52. Kf4 Nc6 53. g5+ Kf7 54. Kg4 Na5 55. Rf4+ Kg7 56. Rf6 Nxc4 57. Rxe6 b5 58.
Re7+ Kf8 59. Rc7 Nxa3 60. Rxc5 Ke7 61. Kf4 Kd6 62. Rc8 Nc4 63. Rg8 a3 64. Rxg6+ Kc5 65. Ra6 b4 66. cxb4+ Kxb4 67. g6 Na5 68. g7 a2 69. Rxa5 1-0